 Dungeon Crawl Stone Soup version 0.22.1-2-g9c5b331 (webtiles) character file.

1395 shamaniam the Ruffian (level 8, -1/79 HPs)
             Began as a Troll Fighter on Dec 1, 2018.
             Was a Follower of Ru.
             Slain by a killer bee (6 damage)
             ... on level 7 of the Dungeon.
             The game lasted 00:09:37 (5176 turns).

shamaniam the Ruffian (Troll Fighter)               Turns: 5176, Time: 00:09:37

Health: -1/79      AC:  7    Str: 30    XL:     8   Next: 41%
Magic:  10/10      EV:  9    Int:  5    God:    Ru [*.....]
Gold:   343        SH: 10    Dex: 10    Spells: 12/12 levels left

rFire    . . .     SeeInvis .     - Unarmed
rCold    . . .     Gourm    +   b - +0 shield
rNeg     . . .     Faith    .   a - +0 robe
rPois    .         Spirit   .   (helmet restricted)
rElec    .         Reflect  .   t - +1 cloak
rCorr    .         Harm     .   (gloves unavailable)
MR       .....                  (boots unavailable)
Stlth    +.........             (no amulet)
HPRegen  0.63/turn              (no ring)
MPRegen  0.12/turn              (no ring)

@: mighty, lethally poisoned (-1 -> -16)
A: large, unfitting armour, claws 3, fast metabolism 3, gourmand, regeneration
1, shaggy fur 1, tough skin 2, hated by all
a: Renounce Religion


You were on level 7 of the Dungeon.
You worshipped Ru.
Ru was aware of your devotion.
You were very full.

You visited 2 branches of the dungeon, and saw 8 of its levels.

You collected 343 gold pieces.

Inventory:

Missiles
 v - 7 sling bullets
Armour
 a - a +0 robe (worn)
 b - a +0 shield (worn)
 i - a scarf of cloud immunity
 t - a +1 cloak (worn)
Jewellery
 s - a +5 ring of strength {unknown}
 A - a +6 ring of intelligence {unknown}
Wands
 q - a wand of acid (8)
Scrolls
 e - 3 scrolls of teleportation {unknown}
 f - 5 scrolls of identify {unknown}
 k - a scroll of immolation {unknown}
 o - 2 scrolls of fear {unknown}
 u - 2 scrolls of magic mapping
 y - a scroll of remove curse {unknown}
Potions
 g - 4 potions of curing {unknown}
 h - 3 potions of ambrosia {unknown}
 j - a potion of agility {unknown}
 l - a potion of berserk rage {unknown}
 m - a potion of flight {unknown}
 n - a potion of degeneration {unknown}
 p - a potion of heal wounds {unknown}
 r - a potion of lignification {unknown}
 w - a potion of brilliance {unknown}
 x - a potion of resistance {unknown}
Comestibles
 d - 14 rations


   Skills:
 + Level 4.6 Fighting
 - Level 3.0 Armour
 - Level 3.0 Dodging
 + Level 4.6 Shields
 + Level 5.1 Unarmed Combat
 + Level 2.5 Spellcasting


You had 12 spell levels left.
You didn't know any spells.
Your spell library contained the following spells:

 Spells                   Type           Power        Failure   Level  Hunger
 Corona                   Hex            #......      71%         1    ##.....
 Sting                    Conj/Pois      #...         71%         1    ##.....
 Ensorcelled Hibernation  Hex/Ice        #.....       85%         2    ###....
 Confuse                  Hex            #.......     97%         3    ####...
 Dazzling Spray           Conj/Hex       #.....       97%         3    ####...
 Mephitic Cloud           Conj/Pois/Air  #.......     97%         3    ####...
 Spider Form              Tmut/Pois      #.........   97%         3    ####...
 Tukima's Dance           Hex            #.......     97%         3    ####...
 Ring of Flames           Chrm/Fire      #.........   100%        7    #######


Dungeon Overview and Level Annotations

Branches:
Dungeon (7/15)             Temple (1/1) D:6

Altars:
Ashenzari
Cheibriados
Dithmenos
Elyvilon
Fedhas
Gozag
Hepliaklqana
Kikubaaqudgha
Makhleb
Nemelex Xobeh
Okawaru
Qazlal
Ru
Sif Muna
Trog
Uskayaw
Vehumet
Wu Jian
Xom
Yredelemnul
Zin
The Shining One


Innate Abilities, Weirdness & Mutations

You are too large for most types of armour.
You have claws for hands.
Your metabolism is lightning-fast.
You like to eat raw meat.
Your natural rate of healing is unusually fast.
You are covered in fur. (AC +1)
You have very tough skin. (AC +2)
You are hated by all.


Message History

The killer bee is stunned by your will and fails to attack.
You miss the killer bee.
You feel sick. You block the killer bee's attack.
The killer bee barely misses you. The scorpion stings you.
* * * LOW HITPOINT WARNING * * *
The killer bee stings you.
* * * LOW HITPOINT WARNING * * *
Your shield prevents you from hitting the killer bee.
You feel sick. You block the killer bee's attack. x2
The killer bee stings you!
* * * LOW HITPOINT WARNING * * *
You block the scorpion's attack. You block the killer bee's attack.
You miss the killer bee.
* * * LOW HITPOINT WARNING * * *
You feel sick. The killer bee stings you.
* * * LOW HITPOINT WARNING * * *
You are more poisoned.
The killer bee poisons you!
The killer bee stings you but does no damage.
The killer bee stings you.
You die...

#.......#
##....###
#....# #.####
########.# .
#....†...# ...
#.#####..#
.....#y#####..#
......yy@y##..#
.../##.##sy...#
. #.......##
#########


You could see a scorpion and 5 killer bees.

Vanquished Creatures
  An orc warrior (D:6)
  A phantom (D:6)
  3 centaurs (D:6)
  3 ogres
  A scorpion (D:7)
  3 killer bees (D:7)
  A howler monkey (D:6)
  2 jellies (D:5)
  2 orc wizards
  A bullfrog skeleton (D:6)
  3 iguanas
  2 worker ants
  A hound skeleton (D:7)
  A worker ant zombie (D:6)
  9 adders
  A shadow imp (D:5)
  2 oozes
  2 worms
  3 dart slugs
  4 leopard geckos
  16 orcs
  3 giant cockroaches
  4 goblins
  6 hobgoblins
  6 jackals
  8 kobolds
  3 quokkas
  A ball python zombie (D:5)
  5 bats (D:3)
  6 frilled lizards
  A leopard gecko skeleton (D:6)
  2 quokka skeletons
  A quokka zombie (D:5)
  5 rats
113 creatures vanquished.

Notes
Turn   | Place    | Note
-------+----------+-------------------------------------------
     0 | D:1      | shamaniam the Troll Fighter began the quest for the Orb.
     0 | D:1      | Reached XP level 1. HP: 22/22 MP: 0/0
   178 | D:1      | Reached XP level 2. HP: 23/29 MP: 1/1
   702 | D:2      | Reached XP level 3. HP: 36/36 MP: 2/2
  1252 | D:3      | Reached XP level 4. HP: 43/44 MP: 3/3
  1258 | D:3      | Found a sparkling altar of Nemelex Xobeh.
  1431 | D:3      | Reached skill level 1 in Armour
  1739 | D:3      | Reached XP level 5. HP: 51/53 MP: 4/4
  2044 | D:5      | Entered Level 5 of the Dungeon
  2094 | D:5      | Found an opulent altar of Gozag.
  2213 | D:6      | Found a glowing golden altar of the Shining One.
  2224 | D:6      | Noticed a centaur
  2230 | D:6      | Killed a centaur
  2230 | D:6      | Reached skill level 3 in Unarmed Combat
  2230 | D:6      | Reached skill level 1 in Spellcasting
  2302 | D:6      | Noticed a centaur
  2315 | D:6      | Killed a centaur
  2315 | D:6      | Reached XP level 6. HP: 45/61 MP: 6/6
  2346 | D:6      | Found a staircase to the Ecumenical Temple.
  2352 | Temple   | Entered the Ecumenical Temple
  2633 | Temple   | Became a worshipper of Ru the Awakened
  3063 | D:4      | Reached XP level 7. HP: 64/67 MP: 8/8
  3474 | D:5      | Identified the Papyrus of Burning Contamination
  3811 | D:5      | Gained mutation: You are hated by all. [Ru sacrifice]
  3811 | D:5      | Reached * piety under Ru
  3995 | D:5      | Reached skill level 4 in Unarmed Combat
  4560 | D:6      | Found a white marble altar of Elyvilon.
  4652 | D:6      | Reached XP level 8. HP: 78/78 MP: 10/10
  5055 | D:7      | Reached skill level 5 in Unarmed Combat
  5176 | D:7      | Slain by a killer bee

Skill      XL: |  1  2  3  4  5  6  7  8 |
---------------+-------------------------+-----
Shields        | 3 4 |  4.6
Fighting       | 3 4 |  4.6
Armour         | 1 2 3 |  3.0
Dodging        | 3 |  3.0
Unarmed Combat | 3 4 5 |  5.1
Spellcasting   | 1 2 |  2.5

Action                   |  1- 3 |  4- 6 |  7- 9 || total
-------------------------+-------+-------+-------++-------
Melee: Unarmed           |   108 |    94 |   179 ||   381
Invok: Sacrifice Love    |       |       |     1 ||     1
  Use: Scroll            |       |     2 |       ||     2
       Potion            |       |       |     1 ||     1
 Stab: Sleeping          |       |     1 |       ||     1
  Eat: Chunk             |    17 |    15 |    20 ||    52
Armor: Robe              |    31 |    16 |    49 ||    96
Dodge: Dodged            |    31 |    24 |    82 ||   137
Block: Shield            |    48 |    37 |    95 ||   180
